 Dungeon Crawl Stone Soup version 0.31-a0-152-g6aa68a64a1 (webtiles) character file.

Game seed: 6402441914100904080

271 qw the Shooter (level 6, -1/52 HPs)
             Began as a Minotaur Hunter on June 10, 2023.
             Slain by a gnoll
             ... wielding a +0 halberd
              (10 damage)
             ... on level 4 of the Dungeon.
             The game lasted 00:00:52 (2357 turns).

qw the Shooter (Minotaur Hunter)                    Turns: 2357, Time: 00:00:53

Health: -1/52      AC:  7    Str: 16    XL:     6   Next: 2%
Magic:  5/5        EV: 11    Int:  6    God:
Gold:   59         SH:  0    Dex: 15    Spells: 5/5 levels left

rFire   . . .        i - +0 shortbow (heavy)
rCold   . . .        (shield currently unavailable)
rNeg    . . .        e - +0 ring mail
rPois   .            (helmet restricted)
rElec   .            (no cloak)
rCorr   +            (no gloves)
SInv    .            (no boots)
Will    .....        (no amulet)
Stlth   +            g - ring of resist corrosion
HPRegen 0.28/turn    (no ring)
MPRegen 0.09/turn

%: no passive effects
@: brilliant, unable to drink
A: horns 2, retaliatory headbutt, iridescent scales 1, inability to drink after
injury 1
a: no special abilities


You were on level 4 of the Dungeon.
You visited 1 branch of the dungeon, and saw 4 of its levels.

You collected 107 gold pieces.
You spent 48 gold pieces at shops.


Innate Abilities, Weirdness & Mutations

You have a pair of horns on your head.
You reflexively headbutt those who attack you in melee.
You are partially covered in iridescent scales. (AC +2)
You occasionally lose the ability to drink potions when taking damage.


   Skills:
 - Level 4.2 Fighting
 + Level 6.9 Ranged Weapons
 - Level 2.0 Armour
 - Level 2.1 Dodging
 - Level 0.7 Stealth


You had 5 spell levels left.
You didn't know any spells.
Your spell library was empty.

Inventory:

Hand Weapons
 i - a +0 heavy shortbow (weapon)
Armour
 e - a +0 ring mail (worn)
Jewellery
 g - a ring of resist corrosion (left hand)
Scrolls
 c - a scroll of identify
Potions
 a - a potion of curing
 b - a potion of cancellation {unknown}
 d - a potion of magic {unknown}

Dungeon Overview and Level Annotations

Branches:
Dungeon (4/15)
 Temple: D:4-7

Altars:
Sif Muna
Trog

Shops:
D:3 ?


Message History

You shoot an arrow. The arrow hits the gnoll!
You kill the gnoll!
You shoot an arrow. The arrow hits the gnoll.
The gnoll is lightly wounded.
The gnoll hits you from afar with a +0 halberd!
You shoot an arrow. The arrow hits the gnoll.
The gnoll is moderately wounded.
A gnoll comes into view. It is wielding a +0 flail.
The gnoll completely misses you.
A gnoll comes into view. It is wielding a +0 whip.
The gnoll hits you but does no damage.
You shoot an arrow. The arrow hits the gnoll.
The gnoll is almost dead.
The gnoll barely misses you.
The gnoll hits you from afar with a +0 halberd.
You shoot an arrow.
The arrow hits the gnoll but does no damage.
The gnoll hits you with a +0 flail. The gnoll closely misses you.
You shoot an arrow. The arrow hits the gnoll.
The gnoll is moderately wounded.
The gnoll hits you with a +0 flail! The gnoll hits you but does no damage.
The gnoll barely misses you. The gnoll misses you. x2
The gnoll completely misses you. You furiously retaliate!
You headbutt the gnoll. You shoot an arrow. The arrow hits the gnoll!
You kill the gnoll!
The gnoll hits you with a +0 flail. The gnoll barely misses you.
The gnoll completely misses you. The gnoll hits you with a +0 flail.
You have reached level 6!
You shoot an arrow. The arrow hits the gnoll!
The gnoll is almost dead.
The gnoll hits you with a +0 flail!
The gnoll hits you from afar with a +0 halberd!
You feel threatened and lose the ability to drink potions!
You shoot an arrow.
The arrow hits the gnoll but does no damage.
The gnoll is almost dead.
The gnoll barely misses you.
The gnoll hits you from afar with a +0 halberd!
You die...

#.....## ##
#......#
##.##......#
#.#........# . #..
.........# ..
#...##.......##...
#...<..........
#.#............
#....@.......
#...)#g.....#
##..##g.....#
#...# ..#$.##
#...# ... .#
#..... .#.. #
##.... .##.. ####
.# #..


You could see 2 gnolls.

Vanquished Creatures
  2 orc priests (D:3)
  Ijyb (D:3)
  2 orc wizards (D:3)
  4 gnolls
  An adder (D:2)
  A white imp (D:3)
  A worm (D:1)
  3 dart slugs
  6 orcs (D:3)
  A ball python (D:1)
  6 bats
  An endoplasm (D:1)
  4 giant cockroaches
  6 goblins
  5 hobgoblins
  7 jackals (D:1)
  3 quokkas
  5 frilled lizards
  4 kobolds
  7 rats
70 creatures vanquished.

Notes
Turn   | Place    | Note
-------+----------+-------------------------------------------
     0 | D:1      | qw the Minotaur Hunter began the quest for the Orb.
     0 | D:1      | Reached XP level 1. HP: 18/18 MP: 0/0
     0 | D:1      | 0 ||| qw: Version: 0.2-a-122-gbc61b45
     0 | D:1      | 0 ||| qw: Game counter: 3525
     0 | D:1      | 0 ||| qw: Always use a shield: true
     0 | D:1      | 0 ||| qw: God list: Okawaru
     0 | D:1      | 0 ||| qw: Allow faded altars: false
     0 | D:1      | 0 ||| qw: Do Orc after D:15 true
     0 | D:1      | 0 ||| qw: Do second Lair branch before Depths: true
     0 | D:1      | 0 ||| qw: Lair rune preference: random
     0 | D:1      | 0 ||| qw: Plans: Normal
     0 | D:1      | 0 ||| PLANNING D:1-11
    89 | D:1      | Reached XP level 2. HP: 25/25 MP: 1/1
   100 | D:1      | Reached skill level 5 in Ranged Weapons
   152 | D:1      | Reached skill level 3 in Fighting
   223 | D:1      | Reached XP level 3. HP: 24/31 MP: 2/2
   307 | D:1      | You fall into a shaft and drop 1 floor!
   478 | D:2      | 478 ||| UPGRADING to ring of resist corrosion.
   479 | D:2      | 479 ||| READING scroll labelled VYIM AKKOOCH.
   480 | D:2      | 480 ||| READING scroll labelled QAHIG SAASEAGH.
   481 | D:2      | 481 ||| READING scroll labelled ESSARR FOGOSCH.
   482 | D:2      | 482 ||| READING scroll labelled IHYEXI NOFOIMN.
   486 | D:2      | 486 ||| DRINKING 2 cyan potions.
   486 | D:2      | Gained mutation: You have hidden genetic defects. [potion
                  | of mutation]
   486 | D:2      | Gained mutation: You are clumsy. (Dex -2) [potion of
                  | mutation]
   486 | D:2      | Gained mutation: You are partially covered in iridescent
                  | scales. (AC +2) [potion of mutation]
   487 | D:2      | 487 ||| DROPPING scroll of butterflies.
   592 | D:1      | Gained mutation: You occasionally lose the ability to drink
                  | potions when taking damage. [hidden defects]
   594 | D:1      | 594 ||| DRINKING potion of mutation.
   594 | D:1      | Lost mutation: You are partially covered in iridescent
                  | scales. (AC +2) [potion of mutation]
   594 | D:1      | Lost mutation: You have hidden genetic defects. [potion of
                  | mutation]
   594 | D:1      | Lost mutation: You are clumsy. (Dex -2) [potion of
                  | mutation]
   594 | D:1      | Gained mutation: You are partially covered in iridescent
                  | scales. (AC +2) [potion of mutation]
   797 | D:1      | 797 ||| READING scroll labelled UMER COTOANE.
  1422 | D:2      | 1422 ||| UPGRADING to +0 ring mail.
  1432 | D:2      | 1432 ||| DROPPING +0 leather armour.
  1433 | D:2      | 1433 ||| READING scroll labelled OSIR COTSIEHOK.
  1507 | D:3      | Reached XP level 4. HP: 38/38 MP: 3/3
  1533 | D:3      | 1533 ||| Stepping ~*~*~tactically~*~*~ (outnumbered).
  1543 | D:3      | Reached skill level 6 in Ranged Weapons
  1546 | D:3      | Reached XP level 5. HP: 23/46 MP: 4/4
  1635 | D:3      | Found Honeoran's Magic Scroll Emporium.
  1643 | D:3      | 1643 ||| BUYING scroll of identify (24 gold).
  1643 | D:3      | Bought a scroll of identify for 24 gold pieces
  1643 | D:3      | 1643 ||| BUYING scroll of identify (24 gold).
  1643 | D:3      | Bought a scroll of identify for 24 gold pieces
  1643 | D:3      | 1643 ||| SHOPLISTING scroll of identify (24 gold, have 5).
  1643 | D:3      | 1643 ||| SHOPLISTING scroll of teleportation (36 gold, have
                  | 5).
  1759 | D:3      | Noticed Ijyb
  1767 | D:3      | Killed Ijyb
  1868 | D:3      | 1868 ||| FLEEEEING.
  1869 | D:3      | 1869 ||| FLEEEEING.
  1870 | D:3      | 1870 ||| FLEEEEING.
  1871 | D:3      | 1871 ||| FLEEEEING.
  1872 | D:3      | 1872 ||| FLEEEEING.
  2117 | D:3      | Found a bloodstained altar of Trog.
  2129 | D:3      | Found a shimmering blue altar of Sif Muna.
  2319 | D:3      | 2319 ||| DRINKING 2 emerald potions.
  2320 | D:3      | 2320 ||| READING 2 scrolls of identify.
  2320 | D:3      | 2320 ||| IDENTIFYING viscous coppery potion
  2321 | D:3      | 2321 ||| DROPPING potion of brilliance.
  2356 | D:4      | Reached XP level 6. HP: 23/52 MP: 5/5
  2356 | D:4      | HP: 8/52 [gnoll/+0 halberd (8)]
  2357 | D:4      | Slain by a gnoll

Levels and vault maps discovered:
D:1:      dpeg_arrival_short_road, layout_basic, nicolae_wormholes
D:2:      layout_loops_ring, chequers_serial_rivers_large_b,
          minmay_crystal_water, hex_large, grunt_decor_clamped
D:3:      layout_loops_ring, nzn_overflow_gifts_of_might_and_magic,
          serial_shops, shop, serial_forest, infiniplex_forest_clump_tiny,
          infiniplex_forest_end_double, infiniplex_forest_clump_medium,
          infiniplex_forest_clump_large, uniq_ijyb
D:4:      layout_cave_pools, serial_shops, nicolae_shop_peninsula

Skill      XL: |  1  2  3  4  5 |
---------------+----------------+-----
Ranged Weapons | 5 6 |  6.9
Fighting       | 3 4 |  4.2
Armour         | 2 |  2.0
Dodging        | |  2.1
Stealth        | |  0.7

Action                     |  1- 3 |  4- 6 || total
---------------------------+-------+-------++-------
   Fire: Shortbow          |   101 |    73 ||   174
    Use: Scroll            |     6 |     1 ||     7
         Potion            |     2 |     1 ||     3
 Armour: Leather armour    |    14 |       ||    14
         Ring mail         |       |    26 ||    26
  Dodge: Dodged            |    33 |    33 ||    66

Table legend:
 A = Non-vault XP
 B = Vault XP
 C = Vault XP percentage of total XP
 D = Non-vault monster count
 E = Vault monster count
 F = Vault count percentage of total count
                 A         B        C        D         E       F
            +---------+---------+-------+---------+---------+-------
      Total |     323 |      65 |  16.8 |      66 |       4 |   5.7
            +---------+---------+-------+---------+---------+-------
        D:1 |      60 |       5 |   7.7 |      28 |       1 |   3.4
        D:2 |      30 |       0 |   0.0 |      11 |       0 |   0.0
        D:3 |     205 |      60 |  22.6 |      25 |       3 |  10.7
        D:4 |      28 |       0 |   0.0 |       2 |       0 |   0.0
            +---------+---------+-------+---------+---------+-------
